 Dungeon Crawl Stone Soup version 0.27.1-33-g824d729ab1 (webtiles) character file.

Game seed: 16915185880904412637

175 Kaptain the Digger (level 5, -7/43 HPs)
             Began as a Gargoyle Earth Elementalist on Dec 28, 2021.
             Mangled by an iguana (10 damage)
             ... on level 4 of the Dungeon.
             The game lasted 00:06:05 (2795 turns).

Kaptain the Digger (Gargoyle Earth Elementalist)    Turns: 2795, Time: 00:06:06

Health: -7/43      AC: 22    Str: 12    XL:     5   Next: 55%
Magic:  1/9        EV:  2    Int: 16    God:
Gold:   182        SH:  0    Dex: 10    Spells: 5/9 levels left

rFire    . . .     SeeInvis .   e - +0 war axe
rCold    . . .     Faith    .   (no shield)
rNeg     + + +     Spirit   .   (armour currently unavailable)
rPois    ∞         Reflect  .   (helmet currently unavailable)
rElec    .         Harm     .   (cloak currently unavailable)
rCorr    .         Rampage  .   (gloves currently unavailable)
Will     .....     NoTele   +   (boots currently unavailable)
Stlth    ++........             (no amulet)
HPRegen  0.14/turn              (no ring)
MPRegen  0.11/turn              (no ring)

@: tree-form
A: stationary, stasis, torment immunity, boosted hp, sickness immunity, AC +4,
negative energy resistance 1, (electricity resistance), torment resistance 1,
petrification resistance
a: no special abilities


You were on level 4 of the Dungeon.
You were a tree.
You visited 1 branch of the dungeon, and saw 5 of its levels.

You collected 182 gold pieces.

Inventory:

Hand Weapons
 d - a +0 dagger
 e - a +0 war axe (weapon)
 j - a +0 morningstar
Missiles
 c - 39 stones
Armour
 a - a +0 buckler
 n - a +0 leather armour (melded)
Scrolls
 i - a scroll of immolation
 k - a scroll of acquirement {unknown}
 m - 2 scrolls of identify {unknown}
Potions
 f - a potion of lignification
 g - 2 potions of heal wounds {unknown}
 l - a potion of magic {unknown}


   Skills:
 + Level 1.4 Fighting
 + Level 1.5 Armour
 + Level 2.1 Dodging
 + Level 2.9 Stealth
 + Level 1.4 Shields
 * Level 2.9 Spellcasting
 + Level 0.4 Conjurations
 - Level 0.7 Transmutations
 * Level 4.7 Earth Magic


You had 5 spell levels left.
You knew the following spells:

 Your Spells              Type           Power      Damage    Failure   Level
a - Sandblast             Erth           34%        2d9       2%          1
b - Stone Arrow           Conj/Erth      20%        3d8       19%         3

Your spell library contained the following spells:

 Spells                   Type           Power      Damage    Failure   Level
 Passwall                 Tmut/Erth      9%         N/A       10%         2
 Freeze                   Ice            8%         1d3       19%         1
 Static Discharge         Conj/Air       3%         N/A       26%         2
 Inner Flame              Hex/Fire       2%         N/A       50%         3
 Swiftness                Air            2%         N/A       50%         3
 Petrify                  Tmut/Erth      11%        N/A       52%         4
 Airstrike                Air            1%         N/A       88%         4
 Cause Fear               Hex            1%         N/A       88%         4
 Summon Ice Beast         Ice/Summ       2%         N/A       88%         4
 Discord                  Hex            1%         N/A       100%        8


Dungeon Overview and Level Annotations

Branches:
Dungeon (5/15)
 Temple: D:4-7

Altars:
Dithmenos


Innate Abilities, Weirdness & Mutations

You are a tree.
Your roots penetrate the ground, keeping you stationary.
You cannot be teleported.
You are immune to unholy pain and torment.
Your maximum health is greatly increased.
Your equipment is partially melded.
You are immune to sickness and miasma.
((Your stone body is resilient. (AC +4)))
You are immune to poison.
You resist negative energy. (rN+)
((You are resistant to electric shocks. (rElec)))
You are resistant to unholy torment.
You are immune to petrification.


Message History

You see here a +0 dagger.
Casting: Sandblast (safe; 3% risk of failure)
Confirm with . or Enter, or press ? or * to list all spells.
Aiming: Sandblast (safe; 3% risk of failure)
Press: ? - help, Shift-Dir - straight line, f - iguana
Aim: an iguana (82% to hit)
The blast of sand hits the iguana but does no damage.
Casting: Sandblast (safe; 3% risk of failure)
Confirm with . or Enter, or press ? or * to list all spells.
Aiming: Sandblast (safe; 3% risk of failure)
Press: ? - help, Shift-Dir - straight line, f/p - iguana
Aim: an iguana (82% to hit)
The blast of sand hits the iguana but does no damage.
The iguana bites you!
Casting: Sandblast (safe; 3% risk of failure)
Confirm with . or Enter, or press ? or * to list all spells.
Aiming: Sandblast (safe; 3% risk of failure)
Press: ? - help, Shift-Dir - straight line, f/p - iguana
Aim: an iguana (82% to hit)
The blast of sand hits the iguana but does no damage.
The iguana bites you.
Unknown command.
Casting: Sandblast (safe; 3% risk of failure)
Confirm with . or Enter, or press ? or * to list all spells.
Aiming: Sandblast (safe; 3% risk of failure)
Press: ? - help, Shift-Dir - straight line, f/p - iguana
Aim: an iguana (82% to hit)
The blast of sand hits the iguana but does no damage.
The iguana bites you!
Unknown command.
You closely miss the iguana. The iguana bites you.
* * * LOW HITPOINT WARNING * * *
The iguana bites you.
* * * LOW HITPOINT WARNING * * *
Unknown command.
It was a potion of lignification.
You turn into a tree.
Your +0 leather armour melds into your body.
Your roots penetrate the ground.
The iguana completely misses you.
You barely miss the iguana. The iguana bites you!
You die...

#.........).)..#.## ..
..o........###......# #.##
#............##......# ..# #
#............##......# #.###.
#....#####...####.#.#####..##.
#.... #...####.#.)......##.
#...........)......#.
#....l##.##..........
#...♣.##.#########...
#.....##.# ##..
#.....##.###### #..
#######.......#####..
#.......#..###.
######.......#≈..##.
#............#≈≈....
######..†.........#8≈..##
#...........#####.#≈≈.##


You could see an iguana.

Vanquished Creatures
  2 orc priests (D:3)
  A scorpion zombie (D:5)
  2 adders (D:2)
  An adder skeleton (D:4)
  2 worms
  2 dart slugs (D:1)
  10 orcs
  3 ball pythons
  2 endoplasms
  11 goblins
  A hobgoblin (D:3)
  6 bats
  2 frilled lizards
  5 kobolds
  3 rats
53 creatures vanquished.

Notes
Turn   | Place    | Note
-------+----------+-------------------------------------------
     0 | D:1      | Kaptain the Gargoyle Earth Elementalist began the quest for
                  | the Orb.
     0 | D:1      | Reached XP level 1. HP: 10/10 MP: 3/3
   188 | D:1      | Got Fitethra's Reference Book on Feathers
   203 | D:1      | Reached XP level 2. HP: 15/15 MP: 3/5
   541 | D:1      | Reached skill level 4 in Earth Magic
   680 | D:1      | Reached XP level 3. HP: 20/20 MP: 2/6
  1009 | D:2      | Got Sif Muna's Compendium of the Swan
  1082 | D:2      | Learned a level 3 spell: Stone Arrow
  1467 | D:2      | Reached skill level 1 in Armour
  1565 | D:2      | Found a faded altar of an unknown god.
  1804 | D:3      | Reached XP level 4. HP: 24/24 MP: 3/7
  1805 | D:3      | Reached skill level 1 in Shields
  2008 | D:3      | Reached skill level 1 in Fighting
  2164 | D:3      | Reached XP level 5. HP: 19/29 MP: 4/9
  2432 | D:3      | You fall into a shaft and drop 2 floors!
  2432 | D:5      | Entered Level 5 of the Dungeon
  2717 | D:4      | Found a shadowy altar of Dithmenos.
  2795 | D:4      | Mangled by an iguana

Illustrated notes

Levels and vault maps discovered:
D:1:      evilmike_arrival_rings, layout_basic, minmay_tromino_v2
D:2:      minmay_alternating_diamond, layout_basic,
          hellmonk_ecumenical_altar_blasted
D:3:      layout_basic, patterned_corridor
D:4:      layout_basic, mainiacjoe_overflow_alcove_4, overflow_temple_1_default,
          moated_statue, uniq_eustachio
D:5:      layout_basic

Skill      XL: |  1  2  3  4 |
---------------+-------------+-----
Earth Magic    | 4 |  4.7
Armour         | 1 |  1.5
Shields        | 1 |  1.4
Fighting       | 1 |  1.4
Dodging        | 2 |  2.1
Stealth        | |  2.9
Spellcasting   | |  2.9
Conjurations   | |  0.4
Transmutations | |  0.7

Action                   |  1- 3 |  4- 6 || total
-------------------------+-------+-------++-------
Melee: Unarmed           |     1 |       ||     1
       War axe           |       |     9 ||     9
 Cast: Sandblast         |    43 |    42 ||    85
  Use: Scroll            |       |     1 ||     1
       Potion            |       |     1 ||     1
Armor: Robe              |     6 |       ||     6
       Leather armour    |       |     6 ||     6
Dodge: Dodged            |     4 |    10 ||    14
